 Dungeon Crawl Stone Soup version 0.28.0-53-g5a82cb258f (webtiles) character file.

Game seed: 16523439119058020412

54 DildoBatman the Conjurer (level 4, 0/30 HPs)
             Began as a Formicid Conjurer on July 2, 2022.
             Slain by an orc
             ... wielding a +0 short sword
              (2 damage)
             ... on level 3 of the Dungeon.
             The game lasted 00:02:54 (1338 turns).

DildoBatman the Conjurer (Formicid Conjurer)        Turns: 1338, Time: 00:02:54

Health: 0/30       AC:  2    Str: 12    XL:     4   Next: 12%
Magic:  11/16      EV: 12    Int: 17    God:
Gold:   100        SH:  5    Dex: 11    Spells: 4/7 levels left

rFire   . . .      SeeInvis +   h - +0 spear
rCold   . . .      Faith    .   (no shield)
rNeg    . . .      Spirit   .   a - +0 robe
rPois   .          Reflect  +   (helmet unavailable)
rElec   .          Harm     .   (no cloak)
rCorr   .          Rampage  .   (no gloves)
Will    .....                   (no boots)
Stlth   ++........              g - amulet of reflection
HPRegen 0.10/turn               c - ring of magical power
MPRegen 0.15/turn               n - ring of flight

@: lethally poisoned (0 -> -8), flying
A: permanent stasis, dig shafts and tunnels, antennae 3, four strong arms
a: Dig, Shaft Self


You were on level 3 of the Dungeon.
You visited 1 branch of the dungeon, and saw 3 of its levels.

You collected 100 gold pieces.

Inventory:

Hand Weapons
 b - a +0 whip
 h - a +0 spear (weapon)
Missiles
 e - 12 stones
 i - 3 boomerangs
 k - 6 javelins
 o - 16 sling bullets
 p - 2 poisoned darts
Armour
 a - a +0 robe (worn)
Jewellery
 c - a ring of magical power (left hand)
 g - an amulet of reflection (around neck)
 n - a ring of flight (right hand)
Scrolls
 j - 2 scrolls of identify {unknown}
 m - 2 scrolls of fear {unknown}
 r - a scroll of torment {unknown}
 s - a scroll of enchant armour {unknown}
Potions
 d - a potion of attraction {unknown}
 f - a potion of mutation {unknown}
 l - a potion of curing {unknown}
 q - a potion of berserk rage {unknown}


   Skills:
 - Level 1.7 Dodging
 - Level 2.4 Stealth
 - Level 2.1 Spellcasting
 * Level 4.9 Conjurations


You had 4 spell levels left.
You knew the following spells:

 Your Spells              Type           Power      Damage    Failure   Level
a - Searing Ray           Conj           36%        2d5       3%          2
c - Magic Dart            Conj           72%        1d6       2%          1

Your spell library contained the following spells:

 Spells                   Type           Power      Damage    Failure   Level
 Dazzling Flash           Conj/Hex       20%        N/A       21%         3
 Ozocubu's Armour         Ice            1%         N/A       50%         3
 Fulminant Prism          Conj/Hex       5%         3d7       56%         4
 Iskenderun's Mystic Bla  Conj/Tloc      10%        2d4       56%         4
 Metabolic Englaciation   Hex/Ice        0%         N/A       99%         5
 Simulacrum               Ice/Necr       0%         N/A       100%        6


Dungeon Overview and Level Annotations

Branches:
Dungeon (3/15)

Altars:
Ashenzari


Innate Abilities, Weirdness & Mutations

You cannot be hasted, slowed, berserked, paralysed or teleported.
You can dig through walls and to a lower floor.
You have a pair of large antennae on your head. (SInv)
Your four strong arms can wield two-handed weapons with a shield.


Message History

You shout for attention!
You feel sick. The adder bites you.
You are more poisoned.
The adder poisons you! The orc hits you with a +0 dagger.
The adder barely misses you.
An orc comes into view. It is wielding a +0 short sword.
What are your orders? t - Shout!
Orders for allies: a - Attack new target. r - Retreat! s - Stop attacking. g - Guard the area. f - Follow me.
Anything else - Cancel.
You shout for attention!
You feel very sick.
You hear a shout!
The adder bites you. What are your orders? t - Shout!
Orders for allies: a - Attack new target. r - Retreat! s - Stop attacking. g - Guard the area. f - Follow me.
Anything else - Cancel.
You shout for attention!
You feel sick. The adder bites you.
You are more poisoned.
The adder poisons you! What are your orders? t - Shout!
Orders for allies: a - Attack new target. r - Retreat! s - Stop attacking. g - Guard the area. f - Follow me.
Anything else - Cancel.
You shout for attention!
You feel very sick. The adder bites you but does no damage.
The orc hits you with a +0 short sword.
You die...

....... #.#.##### #......
#.......# #...... #)
#.o.....# #...... #.
#.......## #....>.
#.##.o......# #.<...>
#...........# #......
#...oo......####......
###..@...†.....###...#
#...S#####............
#♣.#....####.##.....#....
#.....###..>###.###.##.#.
#.......#.......# #......
###..(..##.####.###.##.##
....#####.# #..........
#.... #..# #..#..#####
....## #.## #..#..# #


You could see an adder and 4 orcs.

Vanquished Creatures
  2 adders
  2 dart slugs (D:1)
  2 giant cockroaches
  4 hobgoblins (D:1)
  2 kobolds
  2 quokkas
  5 ball pythons
  3 bats
  2 frilled lizards (D:1)
  4 goblins
  4 rats
32 creatures vanquished.

Notes
Turn   | Place    | Note
-------+----------+-------------------------------------------
     0 | D:1      | DildoBatman the Formicid Conjurer began the quest for the
                  | Orb.
     0 | D:1      | Reached XP level 1. HP: 13/13 MP: 3/3
   142 | D:1      | Reached skill level 4 in Conjurations
   142 | D:1      | Reached XP level 2. HP: 19/19 MP: 5/5
   145 | D:1      | Learned a level 2 spell: Searing Ray
   332 | D:1      | Reached XP level 3. HP: 14/24 MP: 4/6
   880 | D:2      | Found a broken altar of Ashenzari.
  1327 | D:3      | Reached XP level 4. HP: 30/30 MP: 7/7
  1338 | D:3      | Slain by an orc

Illustrated notes

Levels and vault maps discovered:
D:1:      ncdulo_smallfort, layout_rooms, minivault_11, minmay_crystal_water,
          amcnicky_mini_corridor_feature
D:2:      layout_loops_corners, basic_altar, kennysheep_nub, minmay_pentomino_u2
D:3:      minmay_spotlight, layout_loops_ring, mainiacjoe_overflow_boulevard,
          minmay_tree_intersection, hangedman_decor_push,
          hangedman_decor_points, kennysheep_generic_room_3

Skill      XL: |  1 |
---------------+----+-----
Conjurations   | 4 |  4.9
Dodging        | |  1.7
Stealth        | |  2.4
Spellcasting   | |  2.1

Action                   |  1- 3 |  4- 6 || total
-------------------------+-------+-------++-------
Melee: Whip              |    10 |       ||    10
 Cast: Magic Dart        |    46 |       ||    46
       Searing Ray       |     7 |       ||     7
Armor: Robe              |     2 |     1 ||     3
Dodge: Dodged            |    15 |     6 ||    21
Block: Other             |       |     2 ||     2
